 Dungeon Crawl Stone Soup version 0.24-a0-789-g35933f4 (webtiles) character file.

Game seed: 8153007679233037247, levelgen mode: deterministic

231 Deaus the Shooter (level 5, 45/45 HPs)
             Began as a Centaur Hunter on Oct 10, 2019.
             Quit the game on level 5 of the Dungeon.
             The game lasted 00:11:46 (5507 turns).

Deaus the Shooter (Centaur Hunter)                  Turns: 5507, Time: 00:11:46

Health: 45/45      AC:  9    Str: 14    XL:     5   Next: 73%
Magic:  5/5        EV:  4    Int: 10    God:
Gold:   184        SH:  0    Dex:  9    Spells: 4/4 levels left

rFire    . . .     SeeInvis +   b - +1 dagger (speed)
rCold    . . .     Gourm    .   (no shield)
rNeg     . . .     Faith    +   v - +0 chain mail
rPois    .         Spirit   .   (no helmet)
rElec    .         Reflect  .   (no cloak)
rCorr    .         Harm     .   (no gloves)
MR       .....                  (no barding)
Stlth    ..........             s - amulet of faith
HPRegen  0.15/turn              i - ring of see invisible
MPRegen  0.09/turn              (no ring)

@: very quick
A: large, hooves 3, slimy green scales 1, clumsy 1, deformed body, speed 2,
tough skin 3, no potion heal 1
a: no special abilities


You were on level 5 of the Dungeon.
You were hungry.

You visited 2 branches of the dungeon, and saw 6 of its levels.

You collected 184 gold pieces.

Inventory:

Hand Weapons
 a - a +1 shortbow
 b - a +1 dagger of speed (weapon)
 x - a +0 short sword
Missiles
 d - 8 arrows
Armour
 v - a +0 chain mail (worn)
Jewellery
 i - a ring of see invisible (left hand)
 s - an amulet of faith (around neck)
Wands
 u - a wand of paralysis (7)
 w - a wand of flame (15)
Scrolls
 e - 5 scrolls of remove curse {unknown}
 g - 2 scrolls of identify {unknown}
 k - a scroll of amnesia {unknown}
 m - a scroll of magic mapping {unknown}
 p - a scroll of enchant armour {unknown}
 t - 5 scrolls of fog {unknown}
Potions
 j - a potion of heal wounds
 n - a potion of invisibility {unknown}
 o - 2 potions of curing
 r - a potion of brilliance {unknown}
Comestibles
 f - 9 rations


   Skills:
 + Level 3.0 Fighting
 + Level 0.3 Short Blades
 * Level 7.3 Bows
 + Level 2.1 Armour
 + Level 1.8 Dodging
 - Level 0.4 Stealth


You had 4 spell levels left.
You didn't know any spells.
Your spell library was empty.

Dungeon Overview and Level Annotations

Branches:
Dungeon (5/15)             Temple (1/1) D:5

Altars:
Cheibriados
Dithmenos
Elyvilon
Gozag
Hepliaklqana
Kikubaaqudgha
Makhleb
Trog
Wu Jian
Xom
Yredelemnul
Zin
The Shining One
Jiyva

Annotations:
D:4 Dowan, Duvessa
D:5 Prince Ribbit


Innate Abilities, Weirdness & Mutations

You have hooves in place of feet.
Armour fits poorly on your strangely shaped body.
You cover ground very quickly.
You have extremely tough skin. (AC +3)
You are partially covered in slimy green scales. (AC +2)
You are clumsy. (Dex -2)
Potions are less effective at restoring your health.


Message History

Prince Ribbit blinks!
You feel a strong urge to attack something.
You feel your anger nearly subside.
Prince Ribbit disappears!
You are no longer berserk.
You are exhausted.
You feel yourself slow down.
There is a stone staircase leading up here.
You start resting.
You feel yourself speed up.
You feel a little less agile now.
You start resting.
You recover from your berserk rage.
You are feeling hungry.
You start resting.
HP restored.
Saving game... please wait.
Level annotation: Prince Ribbit Welcome back, Deaus the Centaur Hunter.
Press ? for a list of commands and other information.
Are you sure you want to abandon this character and quit the game? (Confirm with "yes".)

####### #.#.##.####
#(#.##.##..
#.#.##.##.# #
##.#.##.##.#.#
##..#.##.##.#.#
####........##.#.###
+................>..
###...#.#.#.#.#....
#@..............#.
#.##.#.......#.##
#.##...........#
#.##.#...>...#.#
#.##...........#
#.##.#.......#.#
#.##...........###
..##.#.#.#.#.#(...
#............##


There were no monsters in sight!

Vanquished Creatures
  A howler monkey (D:2)
  Ijyb (D:4)
  9 adders
  An adder skeleton (D:5)
  A worm (D:2)
  2 dart slugs
  3 leopard geckos
  6 orcs
  11 bats
  A giant cockroach (D:3)
  12 goblins
  6 hobgoblins
  A quokka (D:5)
  3 frilled lizards
  9 kobolds
  8 rats
  A fungus (D:1)
76 creatures vanquished.

Notes
Turn   | Place    | Note
-------+----------+-------------------------------------------
     0 | D:1      | Deaus the Centaur Hunter began the quest for the Orb.
     0 | D:1      | Reached XP level 1. HP: 17/17 MP: 1/1
   222 | D:1      | Reached XP level 2. HP: 22/24 MP: 2/2
   409 | D:1      | Reached skill level 6 in Bows
  1201 | D:2      | Reached XP level 3. HP: 6/29 MP: 3/3
  2371 | D:2      | Reached XP level 4. HP: 36/36 MP: 4/4
  2621 | D:2      | Reached skill level 7 in Bows
  2621 | D:2      | Reached skill level 1 in Armour
  3208 | D:3      | Found a burning altar of Makhleb.
  3317 | D:2      | Reached XP level 5. HP: 16/42 MP: 5/5
  4551 | D:4      | Found a glowing golden altar of the Shining One.
  4551 | D:4      | Found a white marble altar of Elyvilon.
  4551 | D:4      | Found a glowing silver altar of Zin.
  4582 | D:4      | Noticed Ijyb
  4607 | D:4      | Killed Ijyb
  4919 | D:4      | Noticed Duvessa
  4919 | D:4      | Noticed Dowan
  4975 | D:5      | Entered Level 5 of the Dungeon
  5075 | D:5      | Found a staircase to the Ecumenical Temple.
  5084 | Temple   | Entered the Ecumenical Temple
  5252 | D:5      | Noticed Prince Ribbit
  5289 | D:5      | Gained mutation: You are clumsy. (Dex -2) [potion of
                  | mutation]
  5289 | D:5      | Gained mutation: Potions are less effective at restoring
                  | your health. [potion of mutation]
  5289 | D:5      | Gained mutation: You are partially covered in slimy green
                  | scales. (AC +2) [potion of mutation]
  5507 | D:5      | Quit the game

Levels and vault maps discovered:
D:1:      dpeg_cavernosity, layout_rooms, serial_co_window_serial,
          co_window_corner_a, co_window_corner_a, co_window_of_opportunity_a,
          co_window_paths_a, co_window_paths_b, co_window_broadway_a,
          co_window_of_opportunity_b, co_window_paths_c, co_window_4corner_b,
          co_window_paths_e, glass_columns_a, glass_columns_b, glass_columns_a,
          glass_columns_b, glass_columns_a, ebering_dispersal_statue_hall
D:2:      layout_loops_ring, first_ration
D:3:      layout_rooms, lemuel_coloured_pillars_altar
D:4:      layout_rooms, good_gods_mini_temple, serial_curves, eino_curves_02,
          eino_curves_01, serial_shops, kennysheep_mini, uniq_duvessa, uniq_ijyb
D:5:      layout_loops_corners, gammafunk_temple_overflow_claw,
          minmay_temple_entry_glass, kennysheep_generic_room_12,
          uniq_prince_ribbit1
Temple:   pf_slime_end_temple

Skill      XL: |  1  2  3  4  5 |
---------------+----------------+-----
Bows           | 6 7 |  7.3
Armour         | 1 2 |  2.1
Fighting       | 3 |  3.0
Short Blades   | |  0.3
Dodging        | |  1.8
Stealth        | |  0.4

Action                   |  1- 3 |  4- 6 || total
-------------------------+-------+-------++-------
Melee: Short sword       |   115 |   127 ||   242
       Kick              |    15 |    29 ||    44
       Dagger            |       |    34 ||    34
 Fire: Shortbow          |    73 |    19 ||    92
  Use: Potion            |       |     5 ||     5
  Eat: Chunk             |     3 |     8 ||    11
Armor: Leather armour    |    26 |       ||    26
       Ring mail         |    11 |    43 ||    54
       Chain mail        |       |     7 ||     7
Dodge: Dodged            |    53 |    58 ||   111

Table legend:
 A = Non-vault XP
 B = Vault XP
 C = Vault XP percentage of total XP
 D = Non-vault monster count
 E = Vault monster count
 F = Vault count percentage of total count
                 A         B        C        D         E       F
            +---------+---------+-------+---------+---------+-------
      Total |     286 |      45 |  13.6 |      69 |       6 |   8.0
            +---------+---------+-------+---------+---------+-------
        D:1 |      33 |       7 |  17.5 |      17 |       4 |  19.0
        D:2 |     178 |       0 |   0.0 |      29 |       0 |   0.0
        D:3 |      53 |       0 |   0.0 |      20 |       0 |   0.0
        D:4 |      17 |      36 |  67.9 |       2 |       1 |  33.3
        D:5 |       5 |       2 |  28.6 |       1 |       1 |  50.0
            +---------+---------+-------+---------+---------+-------
